 Dungeon Crawl Stone Soup version 0.25.1-2-g60ff931df9 (webtiles) character file.

Game seed: 3585948452732691301

175172 DogServant the Warrior (level 17, -5/163 HPs)
             Began as a Grey Draconian Transmuter on Nov 16, 2020.
             Was the Champion of Makhleb.
             Slain by a large abomination (26 damage)
             ... created by a deep elf death mage
             ... on level 3 of the Elven Halls.
             The game lasted 01:03:45 (43623 turns).

DogServant the Warrior (Grey Draconian Transmuter) Turns: 43623, Time: 01:03:46

Health: -5/163     AC: 14    Str: 24    XL:     17   Next: 46%
Magic:  25/25      EV: 23    Int: 14    God:    Makhleb [******]
Gold:   3033       SH:  5    Dex: 13    Spells: 15/26 levels left

rFire    . . .     SeeInvis .     - Unarmed
rCold    . . .     Gourm    .   (shield currently unavailable)
rNeg     . . .     Faith    .   (armour unavailable)
rPois    .         Spirit   .   (helmet restricted)
rElec    .         Reflect  +   (no cloak)
rCorr    .         Harm     .   (gloves currently unavailable)
MR       ++...                  (no boots)
Stlth    +.........             U - amulet of reflection
HPRegen  0.37/turn              K - +6 ring of strength
MPRegen  0.19/turn              x - ring of protection from magic

@: lethally poisoned (-5 -> -7), blade hands (expiring), studying Fighting
A: walk through water, unfitting armour, mutation resistance 1, unbreathing,
cold-blooded, AC +14
a: End Transformation, Minor Destruction, Lesser Servant of Makhleb, Major
Destruction, Greater Servant of Makhleb, Renounce Religion


You were on level 3 of the Elven Halls.
You worshipped Makhleb.
Makhleb was exalted by your worship.
You were hungry.
You had blades for hands.
You visited 7 branches of the dungeon, and saw 32 of its levels.
You visited 1 bazaar.
You also visited: Ossuary, Bailey and Ice Cave.

You collected 3083 gold pieces.
You spent 50 gold pieces at shops.

Inventory:

Missiles
 a - 906 arrows
 g - 95 poisoned darts (quivered)
 E - 2 curare-tipped darts
 N - 4 throwing nets
Armour
 W - a +2 pair of gloves of dexterity (melded)
Jewellery
 b - an uncursed ring of protection from cold
 s - an uncursed ring of protection from fire
 x - a ring of protection from magic (right scythe-like blade)
 y - a +4 ring of evasion
 I - an uncursed ring of protection from fire
 K - a +6 ring of strength (left scythe-like blade)
 T - an uncursed ring of see invisible
 U - an amulet of reflection (around neck)
Wands
 h - a wand of enslavement (6)
 p - a wand of digging (4)
 q - a wand of random effects (40)
 t - a wand of acid (9)
 D - a wand of polymorph (31)
 L - a wand of paralysis (19)
 O - a wand of clouds (11)
 Q - a wand of flame (60)
 V - a wand of iceblast (9)
Scrolls
 f - 13 scrolls of remove curse
 j - 6 scrolls of fog
 m - 8 scrolls of amnesia
 o - 5 scrolls of noise
 r - 11 scrolls of identify
 v - 4 scrolls of enchant weapon
 w - 3 scrolls of enchant armour
 F - 2 scrolls of random uselessness
 G - 3 scrolls of teleportation
 J - a scroll of magic mapping
 P - 7 scrolls of fear
 S - 2 scrolls of silence
 Y - a scroll of summoning
Potions
 d - 8 potions of flight
 e - 3 potions of mutation
 i - a potion of berserk rage
 k - 6 potions of curing
 l - 3 potions of lignification
 u - 3 potions of heal wounds
 z - 6 potions of stabbing
 B - 3 potions of haste
 C - 3 potions of cancellation
 M - a potion of invisibility
 R - 3 potions of might
 Z - 2 potions of resistance
Books
 n - a manual of Fighting
Miscellaneous
 H - a lightning rod (4/4)
 X - a phial of floods
Comestibles
 c - 8 rations


   Skills:
 + Level 17.9 Fighting
 + Level 17.7 Dodging
 - Level 13.2 Unarmed Combat
 - Level 5.0 Spellcasting
 - Level 11.0 Transmutations
 - Level 11.0 Invocations


You had 15 spell levels left.
You knew the following spells:

 Your Spells              Type           Power        Failure   Level  Hunger
a - Beastly Appendage     Tmut           ####..       9%          1    None
b - Sticks to Snakes      Tmut           ####....     10%         2    ##.....
c - Spider Form           Tmut/Pois      ###.......   34%         3    ###....
d - Blade Hands           Tmut           ####......   34%         5    ######.

Your spell library contained the following spells:

 Spells                   Type           Power        Failure   Level  Hunger
 Corona                   Hex            #......      58%         1    None
 Foxfire                  Conj/Fire      #...         58%         1    None
 Freeze                   Ice            #...         58%         1    None
 Magic Dart               Conj           #...         58%         1    None
 Shock                    Conj/Air       #...         58%         1    None
 Summon Small Mammal      Summ           #...         58%         1    None
 Ice Form                 Ice/Tmut       ###.....     61%         4    ####...
 Petrify                  Tmut/Erth      ###.....     61%         4    ####...
 Call Imp                 Summ           #.......     69%         2    ##.....
 Ensorcelled Hibernation  Hex/Ice        #.....       69%         2    ##.....
 Searing Ray              Conj           #.....       69%         2    ##.....
 Call Canine Familiar     Summ           #.......     85%         3    ###....
 Confusing Touch          Hex            #.......     85%         3    ###....
 Conjure Flame            Conj/Fire      #.......     85%         3    ###....
 Dazzling Flash           Conj/Hex       #.....       85%         3    ###....
 Frozen Ramparts          Ice            #.....       85%         3    ###....
 Gell's Gravitas          Tloc           #.........   85%         3    ###....
 Inner Flame              Hex/Fire       #.......     85%         3    ###....
 Ozocubu's Armour         Chrm/Ice       #.......     85%         3    ###....
 Static Discharge         Conj/Air       #.......     85%         3    ###....
 Summon Guardian Golem    Hex/Summ       #.......     85%         3    ###....
 Tukima's Dance           Hex            #.......     85%         3    ###....
 Yara's Violent Unravell  Hex/Tmut       ###.......   85%         5    ######.
 Fulminant Prism          Conj/Hex       #.........   99%         4    ####...
 Hailstorm                Conj/Ice       #.......     99%         4    ####...
 Iskenderun's Mystic Bla  Conj/Tloc      #.......     99%         4    ####...
 Sticky Flame             Conj/Fire      #.......     99%         4    ####...
 Summon Ice Beast         Ice/Summ       #.......     99%         4    ####...
 Summon Lightning Spire   Summ/Air       #.......     99%         4    ####...
 Fireball                 Conj/Fire      #.........   100%        5    ######.
 Metabolic Englaciation   Hex/Ice        #.........   100%        5    ######.
 Malign Gateway           Summ/Tloc      #.........   100%        7    #######


Dungeon Overview and Level Annotations

Branches:
Dungeon (15/15)            Temple (1/1) D:7            Lair (6/6) D:9
  Swamp (4/4) Lair:2        Snake (1/4) Lair:4        Slime (0/5) Lair:6
    Orc (2/2) D:10            Elf (3/3) Orc:2        Vaults (0/5) D:14
 Depths (0/5) D:15        Ossuary (visited)          Bailey (visited)
  IceCv (visited)

Altars:
Ashenzari
Cheibriados
Dithmenos
Elyvilon
Fedhas
Gozag
Hepliaklqana
Kikubaaqudgha
Makhleb
Nemelex Xobeh
Okawaru
Qazlal
Ru
Sif Muna
Trog
Uskayaw
Vehumet
Wu Jian
Xom
Yredelemnul
Zin
The Shining One
Beogh
Jiyva

Shops:
D:4 (   D:5 !   D:7 [   D:8 !   Orc:2 (([?   Elf:2 =}=

Portals:
Trove: D:14 (give +3 gold dragon scales)

Annotations:
D:4 1 runed translucent door, Xye's ghost, amateur MiFi
D:6 2 transporters
D:8 2 runed translucent doors, mmigdal's ghost, novice DrFE
D:10 3 runed translucent doors, kulik242's ghost, novice DDNe
D:11 2 runed translucent doors
Lair:2 exclusion: 3 oklob plants
Swamp:3 1 runed translucent door
Elf:2 5 runed translucent doors


Innate Abilities, Weirdness & Mutations

You can walk through water.
Your dull iron-grey scales are very hard. (AC +14)
You cannot fit into any form of body armour.
You can survive without breathing.
You are cold-blooded and may be slowed by cold attacks.
You are somewhat resistant to further mutation.


Message History

You hear a shout!
You shred the deep elf blademaster!!!
The deep elf blademaster is severely wounded.
You hear a shout!
You block the deep elf blademaster's attack.
The deep elf blademaster hits you with a +0 rapier!!
* * * LOW HITPOINT WARNING * * *
The large abomination hits you!
* * * LOW HITPOINT WARNING * * *
You hear a shout! x2
You slash the large abomination!
The large abomination is lightly damaged.
You feel sick.
The deep elf blademaster hits you with a +0 rapier!
* * * LOW HITPOINT WARNING * * *
The deep elf blademaster completely misses you.
The deep elf high priest utters an invocation to its god.
The corpses begin to drag themselves along the ground!
The large abomination hits you!!
You die...

##.......## #.........#
##.........## #......)....#
#..(........#####
#.[............(# #
##.........#.##.# ...
#.........##.#X#######.....
##.......## #x@#e§.ee2e....
#.......# ##(ee###.......
##)###### ###x3.e.......
#.# #######e.... #.#####
.⌠... #'##..# ..## ##.....#
## ###...P..# ##...P.P..#


You could see a deep elf blademaster, a soul eater (summoned), a deep elf
demonologist, a deep elf high priest, a large abomination and 2 crawling
corpses.

Vanquished Creatures
  Saint Roka (Orc:2)
  Jorgrun (Swamp:2)
  Rupert (D:14)
  A deep elf blademaster (Elf:3)
  A deep elf master archer (Elf:3)
  2 thorn hunters
  Frances (D:13)
  Donald (Swamp:2)
  A deep elf sorcerer (Elf:1)
  Louise (D:14)
  An ironheart preserver (D:14)
  2 deep elf demonologists (Elf:3)
  A dire elephant (Lair:4)
  Josephine (Lair:4)
  2 deep elf death magi (Elf:3)
  10 hydras
  3 centaur warriors
  Erica (Lair:1)
  10 dancing weapons
  3 catoblepae
  2 two-headed ogres (D:15)
  11 alligators
  A deep troll shaman (Lair:6)
  An orc high priest (Orc:2)
  4 death yaks
  18 deep elf knights
  2 spriggans
  2 skeletal warriors (D:15)
  An unseen horror (D:14)
  A glowing orange brain (shapeshifter) (Elf:2)
  A flayed ghost (D:15)
  7 swamp dragons
  13 deep elf archers
  4 orc knights
  2 necromancers
  4 oklob plants (Lair:1)
  A wolf spider zombie (D:11)
  A wolf spider (D:11)
  42 deep elf magi
  5 orc sorcerers
  A cyclops (D:11)
  10 ugly things
  A manticore (D:12)
  2 torpor snails (Lair:5)
  4 black mambas
  2 ice statues (IceCv)
  A frost giant skeleton (D:15)
  14 elephants (Lair:6)
  3 gargoyles
  13 spiny frogs
  A rime drake (Lair:3)
  5 kobold demonologists
  6 ice devils (IceCv)
  4 komodo dragons
  7 trolls
  5 tyrant leeches
  11 slime creatures
  14 hippogriffs
  5 polar bears
  7 bog bodies
  3 hornets
  16 blink frogs
  10 dream sheep
  An ettin zombie (D:15)
  A meliai zombie (D:14)
  3 shadows
  3 air elementals
  5 wyverns
  A hog (shapeshifter) (D:13)
  Sigmund (D:3)
  2 fire elementals
  4 wraiths
  63 yaks
  3 basilisks
  8 vampire mosquitoes
  2 hungry ghosts
  Menkaure (D:5)
  8 wargs
  An insubstantial wisp (Swamp:4)
  A warg (shapeshifter) (D:11)
  16 swamp worms
  A tengu zombie (D:15)
  A soldier ant (D:13)
  5 porcupines
  10 swamp drakes
  26 water moccasins
  7 ice beasts
  39 orc warriors
  3 sky beasts
  4 black bears
  2 phantoms
  16 boggarts
  3 eyes of draining
  9 wolves
  20 ogres
  A necrophage (D:9)
  18 centaurs
  11 crocodiles
  6 big kobolds
  13 bullfrogs
  A yaktaur zombie (D:15)
  4 gnoll sergeants (D:10)
  A wyvern zombie (D:13)
  5 scorpions
  A water moccasin skeleton (D:9)
  6 killer bees (D:10)
  2 howler monkeys
  An electric eel (Lair:3)
  9 crimson imps
  A bullfrog zombie (D:3)
  4 centaur zombies
  A human zombie (Ossuary)
  A lava snake (Lair:3)
  2 quasits
  A bullfrog skeleton (D:6)
  2 draconian simulacra (IceCv)
  7 hounds
  7 jellies
  29 orc priests
  30 orc wizards
  Jessica (D:3)
  3 centaur skeletons
  12 worker ants
  Natasha (thrice) (D:3)
  3 iguanas
  A spriggan simulacrum (IceCv)
  2 troll simulacra (IceCv)
  5 big kobold zombies (Ossuary)
  5 centaur simulacra
  3 hound zombies
  2 hound skeletons
  3 mummies (Ossuary)
  2 howler monkey skeletons
  2 worker ant zombies
  9 gnolls
  An ogre simulacrum (IceCv)
  12 adders
  A naga simulacrum (IceCv)
  7 shadow imps
  An ooze (D:3)
  3 adder zombies
  4 worms
  A dart slug (D:1)
  10 leopard geckos
  125 orcs
  4 ball pythons
  7 bats
  5 giant cockroaches
  2 gnoll zombies (Ossuary)
  12 goblins
  12 hobgoblins
  4 jackals (D:1)
  4 quokkas
  6 frilled lizards
  8 goblin zombies (Ossuary)
  A hobgoblin zombie (Ossuary)
  A jackal skeleton (D:6)
  6 jackal zombies (Ossuary)
  34 kobolds
  2 kobold zombies (Ossuary)
  2 orc zombies (Ossuary)
  A quokka skeleton (D:8)
  A quokka zombie (Ossuary)
  9 rats
  2 rat zombies (Ossuary)
  5 briar patches
1096 creatures vanquished.

Vanquished Creatures (collateral kills)
  A boggart (D:14)
1 creature vanquished.

Vanquished Creatures (others)
  A spriggan druid (Swamp:4)
  A deep elf mage (Elf:2)
  A slime creature (Swamp:4)
  A swamp worm (Swamp:4)
  An orc wizard (Orc:2)
  A briar patch (Swamp:3)
  4 fungi
  7 plants
  6 toadstools (Lair:4)
23 creatures vanquished.

Grand Total: 1120 creatures vanquished

Notes
Turn   | Place    | Note
-------+----------+-------------------------------------------
     0 | D:1      | DogServant the Draconian Transmuter began the quest for the
                  | Orb.
     0 | D:1      | Reached XP level 1. HP: 16/16 MP: 3/3
   564 | D:1      | Reached XP level 2. HP: 23/23 MP: 5/5
  1290 | D:1      | Reached XP level 3. HP: 15/28 MP: 6/6
  2072 | D:2      | Found a glowing silver altar of Zin.
  2073 | D:2      | Noticed an angel
  2438 | D:2      | Reached XP level 4. HP: 28/35 MP: 7/7
  2993 | D:3      | Noticed Jessica
  3007 | D:3      | Killed Jessica
  3007 | D:3      | Reached XP level 5. HP: 25/40 MP: 8/8
  3011 | D:3      | Learned a level 2 spell: Sticks to Snakes
  3015 | D:3      | Learned a level 3 spell: Spider Form
  3133 | D:3      | Noticed Sigmund
  3503 | D:3      | Noticed Natasha
  3508 | D:3      | Killed Natasha
  3665 | D:3      | Noticed Natasha
  3676 | D:3      | Killed Natasha
  3676 | D:3      | Reached skill level 5 in Unarmed Combat
  3827 | D:3      | Noticed Natasha
  3837 | D:3      | Killed Sigmund
  3837 | D:3      | Reached XP level 6. HP: 40/48 MP: 9/9
  3843 | D:3      | Killed Natasha
  3843 | D:3      | Reached skill level 5 in Transmutations
  4274 | D:3      | Found a faded altar of an unknown god.
  4686 | D:4      | Your scales start taking on a dull iron-grey colour.
  4686 | D:4      | Reached XP level 7. HP: 41/55 MP: 7/10
  4686 | D:4      | Gained mutation: You can survive without breathing. [Grey
                  | Draconian growth]
  4926 | D:4      | Found a hazy altar of Hepliaklqana.
  5291 | D:4      | Found Todys's Weapon Shoppe.
  5309 | D:4      | Found a runed translucent door.
  5310 | D:4      | Noticed Xye's ghost (amateur MiFi)
  5429 | D:5      | Entered Level 5 of the Dungeon
  5658 | D:5      | Noticed Menkaure
  5667 | D:5      | Killed Menkaure
  6296 | D:5      | Found Muppiuha's Distillery.
  6301 | D:5      | Bought a potion of heal wounds for 50 gold pieces
  6764 | D:6      | Reached XP level 8. HP: 46/61 MP: 7/11
  7075 | D:6      | Learned a level 5 spell: Blade Hands
  7136 | D:6      | Found a transporter.
  7341 | D:6      | Found a transporter.
  7341 | D:6      | Noticed a fire crab
  7341 | D:6      | Noticed a kobold demonologist
  7725 | D:6      | Found a bloodstained altar of Trog.
  8672 | D:2      | Found a glowing silver altar of Zin.
  8982 | D:7      | Found a staircase to the Ecumenical Temple.
  9132 | Temple   | Entered the Ecumenical Temple
  9461 | D:7      | Found a sand-covered staircase.
  9469 | Ossuary  | Entered an ossuary
  9700 | Ossuary  | Reached XP level 9. HP: 71/71 MP: 10/12
  9872 | D:7      | Got a crude dagger
  9873 | D:7      | Identified the +5 dagger "Q" {vorpal, +Inv rElec Int-3
                  | SInv} (You found it on level 7 of the Dungeon)
  9891 | D:7      | Noticed a troll
  9905 | D:7      | Killed a troll
 10227 | D:7      | Found Rumuedghe's Antique Armour Shop.
 10339 | D:7      | Found a blossoming altar of Fedhas.
 10342 | D:7      | Found an ancient bone altar of Kikubaaqudgha.
 10342 | D:7      | Found a white marble altar of Elyvilon.
 10349 | D:7      | Found a burning altar of Makhleb.
 10349 | D:7      | Found an opulent altar of Gozag.
 10472 | D:7      | Became a worshipper of Makhleb the Destroyer
 10736 | D:8      | Found Elonim's Distillery.
 10822 | D:8      | Reached skill level 5 in Fighting
 10879 | D:8      | Noticed mmigdal's ghost (novice DrFE)
 10880 | D:8      | Found a large runed translucent door.
 10880 | D:8      | Found a large runed translucent door.
 11590 | D:9      | Reached skill level 5 in Dodging
 11666 | D:9      | Reached * piety under Makhleb
 11689 | D:9      | Found a staircase to the Lair.
 11699 | D:9      | Reached XP level 10. HP: 22/84 MP: 6/13
 12331 | D:9      | Found a sacrificial altar of Ru.
 12498 | D:10     | Entered Level 10 of the Dungeon
 13200 | D:10     | Noticed a gargoyle
 13210 | D:10     | Killed a gargoyle
 13640 | D:10     | Found a runed translucent gate.
 13640 | D:10     | Found a runed translucent gate.
 13640 | D:10     | Found a runed translucent gate.
 13642 | D:10     | Noticed a 12-headed hydra
 13643 | D:10     | Noticed kulik242's ghost (novice DDNe)
 13723 | D:10     | Reached ** piety under Makhleb
 14118 | D:10     | Reached XP level 11. HP: 99/99 MP: 9/14
 14171 | D:10     | Found a staircase to the Orcish Mines.
 14184 | D:10     | Reached skill level 10 in Fighting
 14994 | D:11     | Reached *** piety under Makhleb
 15426 | D:11     | Noticed a white ugly thing
 15431 | D:11     | Killed a white ugly thing
 15697 | D:11     | Noticed a purple ugly thing
 15710 | D:11     | Killed a purple ugly thing
 15806 | D:11     | Reached skill level 10 in Transmutations
 15855 | D:11     | Found a runed translucent door.
 15858 | D:11     | Noticed a centaur warrior
 15858 | D:11     | Noticed a death knight
 15962 | D:11     | Found a runed translucent door.
 15963 | D:11     | Noticed an orc knight
 15963 | D:11     | Noticed a centaur warrior
 15990 | D:11     | Killed an orc knight
 15990 | D:11     | Reached skill level 10 in Dodging
 16009 | D:11     | Noticed a wolf spider
 16015 | D:11     | Killed a wolf spider
 16029 | D:11     | Killed a centaur warrior
 16029 | D:11     | Reached skill level 10 in Unarmed Combat
 16029 | D:11     | Reached XP level 12. HP: 42/107 MP: 5/15
 16340 | D:11     | Noticed an azure jelly
 16364 | D:11     | Found a runed translucent door.
 16366 | D:11     | Got a steaming zirconium amulet
 16398 | D:11     | Noticed a frost giant
 16398 | D:11     | an azure jelly changed into a frost giant
 16450 | D:11     | Noticed a dire elephant
 16450 | D:11     | a frost giant changed into a dire elephant
 16469 | D:11     | Noticed a fire giant
 16469 | D:11     | a dire elephant changed into a fire giant
 16775 | D:11     | Reached **** piety under Makhleb
 17672 | D:12     | Reached ***** piety under Makhleb
 18267 | Lair:1   | Entered Level 1 of the Lair of Beasts
 18267 | Lair:1   | Noticed Erica
 18275 | Lair:1   | Killed Erica
 18422 | Lair:1   | Found a burning altar of Makhleb.
 18862 | Lair:1   | Reached XP level 13. HP: 114/114 MP: 14/19
 19275 | Lair:1   | Found a snail-covered altar of Cheibriados.
 20305 | Lair:2   | Found a staircase to the Swamp.
 20407 | Lair:2   | Found a frozen archway.
 20416 | IceCv    | Entered an ice cave
 20466 | IceCv    | Identified the amulet of Wosuew {Spirit *Contam rF++
                  | Slay+2} (You found it on level 11 of the Dungeon)
 20730 | IceCv    | Reached ****** piety under Makhleb
 21260 | Lair:2   | Gained mutation: You are somewhat resistant to further
                  | mutation. [mutagenic glow]
 21719 | Lair:3   | Reached skill level 15 in Dodging
 22688 | Lair:4   | Reached skill level 1 in Invocations
 22698 | Lair:4   | Found a staircase to the Snake Pit.
 23403 | Lair:4   | Found a runed translucent door.
 23425 | Lair:4   | Noticed a dire elephant
 23476 | Lair:4   | Reached XP level 14. HP: 122/122 MP: 16/20
 23748 | Lair:5   | Noticed Josephine
 23768 | Lair:4   | Killed Josephine
 24357 | Lair:5   | Reached skill level 5 in Invocations
 24795 | Lair:6   | Entered Level 6 of the Lair of Beasts
 25889 | Lair:6   | Found a viscous altar of Jiyva.
 25890 | Lair:6   | Found a staircase to the Slime Pits.
 26244 | D:13     | Noticed Frances
 26259 | D:13     | Killed Frances
 26307 | D:13     | Found a flagged portal.
 26307 | D:13     | You fall into a shaft and drop 1 floor!
 26370 | D:14     | Noticed an ironheart preserver
 26372 | D:14     | Found a gate to the Vaults.
 26387 | D:14     | Reached XP level 15. HP: 127/127 MP: 16/21
 26440 | D:14     | Noticed Rupert
 26568 | Bailey   | Entered a bailey
 28069 | D:14     | Found a shimmering altar of Xom.
 28069 | D:14     | Found a shimmering altar of Xom.
 28069 | D:14     | Found a shimmering altar of Xom.
 28159 | D:14     | Killed Rupert
 28217 | D:14     | Found a shimmering altar of Xom.
 28218 | D:14     | Found a shimmering altar of Xom.
 28219 | D:14     | Found a shimmering altar of Xom.
 28654 | D:14     | Found a portal to a secret trove of treasure.
 28654 | D:14     | Noticed Louise
 28662 | D:14     | Killed Louise
 28958 | D:15     | Entered Level 15 of the Dungeon
 29082 | D:15     | Found a staircase to the Depths.
 29240 | D:15     | Reached skill level 5 in Spellcasting
 30203 | Orc:1    | Entered Level 1 of the Orcish Mines
 30279 | D:10     | Reached skill level 10 in Invocations
 30637 | Orc:2    | Entered Level 2 of the Orcish Mines
 30761 | Orc:2    | Found a roughly hewn altar of Beogh.
 31032 | Orc:2    | Found a roughly hewn altar of Beogh.
 31033 | Orc:2    | Found Kunil's Antique Weapon Boutique.
 31272 | Orc:2    | Found a roughly hewn altar of Beogh.
 31980 | Orc:2    | Found a staircase to the Elven Halls.
 31985 | Orc:2    | Found a roughly hewn altar of Beogh.
 32237 | Orc:2    | Noticed Saint Roka
 32659 | Orc:2    | Found a roughly hewn altar of Beogh.
 32660 | Orc:2    | Found Japt's Magic Scroll Boutique.
 32782 | Orc:2    | Found Suekoneu's Antique Armour Shoppe.
 32783 | Orc:2    | Found a roughly hewn altar of Beogh.
 32787 | Orc:2    | Found Tiucir's Antique Weapon Emporium.
 32818 | Orc:2    | Found Tiucir's Antique Weapon Emporium.
 32819 | Orc:2    | Found a roughly hewn altar of Beogh.
 32822 | Orc:2    | Found Suekoneu's Antique Armour Shoppe.
 32855 | Orc:2    | Killed Saint Roka
 33023 | Orc:2    | Found a roughly hewn altar of Beogh.
 33027 | Orc:2    | Found a roughly hewn altar of Beogh.
 33029 | Orc:2    | Found Japt's Magic Scroll Boutique.
 33152 | Orc:2    | Found a roughly hewn altar of Beogh.
 33154 | Orc:2    | Found Kunil's Antique Weapon Boutique.
 33217 | Orc:2    | Found a staircase to the Elven Halls.
 33221 | Orc:2    | Found a roughly hewn altar of Beogh.
 33509 | Orc:2    | Found a roughly hewn altar of Beogh.
 33914 | Snake:1  | Entered Level 1 of the Snake Pit
 34173 | Swamp:1  | Entered Level 1 of the Swamp
 34883 | Swamp:1  | Reached XP level 16. HP: 141/141 MP: 19/24
 35191 | Swamp:2  | Noticed a thorn hunter
 35208 | Swamp:2  | Killed a thorn hunter
 35892 | Swamp:2  | Noticed Jorgrun
 36083 | Swamp:2  | Killed Jorgrun
 36383 | Swamp:3  | Noticed Donald
 36398 | Swamp:2  | Killed Donald
 37284 | Swamp:3  | Found a runed translucent door.
 37498 | Swamp:3  | Noticed a thorn hunter
 37510 | Swamp:3  | Killed a thorn hunter
 38058 | Swamp:4  | Entered Level 4 of the Swamp
 38086 | Swamp:3  | HP: 2/145 [eight-headed hydra (18)]
 39338 | Lair:2   | Identified a scroll of acquirement
 39342 | Lair:2   | Acquired a manual of Fighting
 39500 | Elf:1    | Entered Level 1 of the Elven Halls
 39999 | Elf:1    | Reached skill level 15 in Fighting
 40570 | Elf:1    | Identified Noom's Catalogue of Supportive Arcane Weapons
 41538 | Elf:2    | Found a flickering gateway to a bazaar.
 41557 | Bazaar   | Entered a bazaar
 41569 | Bazaar   | Found Xuogruiso's Food Emporium.
 41596 | Bazaar   | Found Diew's Food Boutique.
 41620 | Bazaar   | Found Jobusosa's Distillery.
 41766 | Elf:2    | Reached XP level 17. HP: 140/158 MP: 19/25
 42762 | Elf:2    | Found a huge runed translucent gate.
 42762 | Elf:2    | Found a huge runed translucent gate.
 42762 | Elf:2    | Found a huge runed translucent gate.
 42762 | Elf:2    | Found a huge runed translucent gate.
 42762 | Elf:2    | Found a huge runed translucent gate.
 42964 | Elf:2    | Found Guxop's Jewellery Shoppe.
 42964 | Elf:2    | Found Dulit's Gadget Shop.
 42992 | Elf:2    | Found Sutoj's Jewellery Shoppe.
 43174 | Elf:3    | Entered Level 3 of the Elven Halls
 43580 | Elf:3    | Noticed a deep elf blademaster
 43580 | Elf:3    | Noticed a deep elf master archer
 43590 | Elf:3    | Killed a deep elf blademaster
 43596 | Elf:3    | Killed a deep elf master archer
 43615 | Elf:3    | Noticed a deep elf blademaster
 43623 | Elf:3    | Slain by a large abomination

Illustrated notes

Levels and vault maps discovered:
D:1:      tarquinn_simple_flora_water_c, layout_basic, st_stairs_11
D:2:      layout_loops_cross, zin_angel, minmay_tromino_v2
D:3:      layout_basic, chequers_ecumenical_altar_simple, uniq_natasha,
          uniq_jessica, uniq_sigmund
D:4:      layout_rooms, old_standard_altar, gammafunk_ghost_grave, serial_shops,
          nicolae_shop_behind_doors
D:5:      layout_loops_ring, serial_shops, kennysheep_little_box, first_ration,
          nrook_loot_triangle, uniq_menkaure
D:6:      gammafunk_wand_slinger, layout_cave_pods, basic_altar
D:7:      layout_cave_pools, minmay_overflow_temple_star_hex,
          minmay_temple_entry_trees, lightli_ossuary_entry_decrepit_ruins,
          serial_shops, shop
D:8:      layout_loops_ring, ebering_ghost_disaster_area, serial_shops, shop
D:9:      layout_rooms, erik_lair_orcish_takeover, basic_altar
D:10:     layout_small_grid, kennysheep_orc_monster_closet_entryway,
          gammafunk_ghost_hydra_chop
D:11:     minmay_the_grid_triangle_9x9_line_8_mashed
          [minmay_the_grid_triangle_9x9_sprig,
          minmay_the_grid_triangle_9x9_checkered,
          minmay_the_grid_triangle_9x9_skeleton,
          minmay_the_grid_triangle_9x9_steps,
          minmay_the_grid_triangle_9x9_subtriangle,
          minmay_the_grid_triangle_9x9_from_above,
          minmay_the_grid_triangle_9x9_tough_junction,
          minmay_the_grid_triangle_9x9_prize_insulated], layout_loops_corners
D:12:     layout_loops_ring, special_room [special_room_orc], grunt_ogre_cave
D:13:     layout_rooms, enter_bailey_6, uniq_frances
D:14:     layout_loops_ring, skrybe_vaults_entry_preservation, enter_trove_3,
          xom_redecorated, uniq_louise, uniq_rupert
D:15:     gammafunk_depths_entry_grave, layout_loops_ring,
          chequers_serial_rivers_room_b
Temple:   regret_index_temple_generic_petals
Lair:1:   minmay_lair_oklob_tunnel, layout_gridlike, basic_altar,
          lemuel_centaur_altar, uniq_erica
Lair:2:   wad_woods_structure_01, layout_cave_shapes, skrybe_swamp_entry_bodies,
          portal_ice_cave_entry_pillars_1, chequers_serial_rivers_micro_e,
          minmay_lair_oklob_chamber, infiniplex_staircase_pool
Lair:3:   layout_gridlike, grunt_megastairs_1
Lair:4:   gammafunk_lair_enchanted_lake, layout_cave_shapes,
          minmay_snake_entry_six_corridors, grunt_forest_large_clearing_hut
Lair:5:   layout_cellular_growth, uniq_josephine
Lair:6:   grunt_lair_end_beastmaster, layout_loops_ring,
          dpeg_slime_entry_enclosed_altar
Swamp:1:  layout_basic_swamp, evilmike_swamp_ruin_rubble_2
Swamp:2:  layout_basic_swamp, nicolae_swamp_very_dense_foliage,
          nicolae_swamp_fairy_circle, uniq_jorgrun
Swamp:3:  gammafunk_mikee_crab_dinner, layout_falls_marsh,
          evilmike_swamp_ruin_house_5, infiniplex_staircase_pool_2, uniq_donald
Swamp:4:  swamp_alternative, layout_basic_swamp, uniq_roxanne
Snake:1:  layout_grid_maze, minmay_snake_pond, uniq_kirke, uniq_agnes
Orc:1:    layout_caves
Orc:2:    grunt_orc_community_town_hall, layout_diamond_mine,
          grunt_orc_community_big_house_1, grunt_orc_community_big_house_1,
          grunt_orc_community_house_2, grunt_orc_community_house_1,
          grunt_orc_community_house_3, grunt_orc_community_house_1,
          grunt_orc_community_house_2, grunt_orc_community_house_3
Elf:1:    eino_elf_arrival_sip, layout_gridlike, minmay_elf_sorcery,
          solitary_fountain
Elf:2:    layout_geoelf_octagon, serial_shops, bzr_entry_dummy,
          minmay_shop_grove
Elf:3:    grunt_elf_hall_branching, layout_geoelf_grid, serial_shops,
          nicolae_shop_behind_doors

Skill      XL: |  1  2  3  4  5  6  7  8  9 10 11 12 13 14 15 16 17 |
---------------+----------------------------------------------------+-----
Dodging        | 2 3 5 8 10 13 15 16 17 | 17.7
Transmutations | 3 4 5 6 8 9 10 11 | 11.0
Unarmed Combat | 4 5 7 8 10 12 13 | 13.2
Fighting       | 2 3 6 9 10 12 16 17 | 17.9
Spellcasting   | 4 5 |  5.0
Invocations    | 3 8 11 | 11.0

Action                   |  1- 3 |  4- 6 |  7- 9 | 10-12 | 13-15 | 16-18 || total
-------------------------+-------+-------+-------+-------+-------+-------++-------
Melee: Unarmed           |   170 |   151 |   452 |   634 |  1444 |   517 ||  3368
       Kick              |    13 |    13 |    33 |     3 |     1 |       ||    63
       Tailslap          |    15 |    16 |    45 |   105 |   227 |    78 ||   486
       Headbutt          |     6 |     3 |    23 |       |     2 |       ||    34
       Punch             |     3 |     2 |    18 |    36 |    94 |    33 ||   186
Throw: Dart              |       |    12 |       |       |       |       ||    12
 Cast: Beastly Appendage |    20 |    24 |    30 |     2 |     7 |       ||    83
       Spider Form       |       |     3 |    15 |       |       |       ||    18
       Blade Hands       |       |       |     5 |    54 |   118 |    60 ||   237
Invok: Major Destruction |       |       |       |       |     3 |    12 ||    15
       Greater Servant o |       |       |       |       |     2 |       ||     2
       Lesser Servant of |       |       |       |       |     1 |       ||     1
 Abil: End Transformatio |       |       |       |       |     1 |       ||     1
Evoke: Wand              |       |       |       |       |     7 |       ||     7
       Lightning rod     |       |       |       |       |    14 |       ||    14
  Use: Scroll            |       |     4 |     6 |     8 |    13 |     9 ||    40
       Potion            |       |     1 |     1 |       |     1 |     4 ||     7
 Stab: Sleeping          |     1 |       |     1 |     1 |     7 |       ||    10
       Distracted        |       |       |       |       |     1 |     1 ||     2
       Petrified         |       |       |       |       |     9 |       ||     9
       Petrifying        |       |       |       |       |     2 |       ||     2
       Confused          |       |       |       |       |       |     1 ||     1
  Eat: Chunk             |     5 |     8 |    14 |    35 |    50 |    19 ||   131
       Ration            |       |       |     4 |     4 |    13 |     9 ||    30
Armor: Skin              |    51 |    22 |   141 |   131 |   300 |    91 ||   736
Dodge: Dodged            |   132 |   103 |   264 |   498 |  1719 |   422 ||  3138
Block: Other             |       |       |       |       |    87 |    99 ||   186
       Reflection        |       |       |       |       |     4 |    12 ||    16
